 Dungeon Crawl Stone Soup version 0.25-a0-578-gc91f01c39c (webtiles) character file.

Game seed: 5874552381911770223, levelgen mode: deterministic

203 Aggronaut the Slasher (level 5, -5/41 HPs)
             Began as a Demonspawn Monk on Mar 3, 2020.
             Killed from afar by a white imp (6 damage)
             ... with a puff of frost
             ... summoned by Natasha
             ... on level 2 of the Dungeon on Mar 4, 2020.
             The game lasted 00:09:41 (2739 turns).

Aggronaut the Slasher (Demonspawn Monk)             Turns: 2739, Time: 00:09:43

Health: -5/41      AC:  8    Str: 12    XL:     5   Next: 51%
Magic:  5/5        EV: 12    Int: 12    God:
Gold:   106        SH:  0    Dex: 15    Spells: 3/4 levels left

rFire    . . .     SeeInvis .   a - +0 falchion
rCold    . . .     Gourm    .   (no shield)
rNeg     . . .     Faith    .   m - +0 ring mail
rPois    .         Spirit   .   f - +2 hat
rElec    .         Reflect  .   (no cloak)
rCorr    .         Harm     .   i - +0 pair of gloves
MR       .....                  (no boots)
Stlth    +.........             (no amulet)
HPRegen  0.13/turn              (no ring)
MPRegen  0.09/turn              (no ring)

@: about to teleport, slowed, very slow
A: antennae 1, hooves 1, powered by death 2
a: no special abilities


You were on level 2 of the Dungeon.
You were very hungry.

You visited 1 branch of the dungeon, and saw 4 of its levels.

You collected 106 gold pieces.

Inventory:

Hand Weapons
 a - a +0 falchion (weapon)
Missiles
 q - 18 poisoned darts (quivered)
Armour
 f - a +2 hat (worn)
 i - a +0 pair of gloves (worn)
 m - a +0 ring mail (worn)
Scrolls
 e - a scroll of magic mapping
 g - a scroll of amnesia
 h - a scroll of remove curse
 k - a scroll of blinking {unknown}
 l - a scroll of random uselessness {unknown}
 n - a scroll of fear {unknown}
 p - a scroll of teleportation
 s - a scroll of fog {unknown}
Potions
 d - a potion of haste {unknown}
 j - a potion of lignification {unknown}
 o - a potion of ambrosia {unknown}
 r - a potion of curing {unknown}
 t - a potion of resistance {unknown}
Comestibles
 c - 9 rations


   Skills:
 - Level 3.0 Fighting
 * Level 4.9 Long Blades
 + Level 3.9 Dodging
 - Level 1.7 Stealth


You had 3 spell levels left.
You knew the following spells:

 Your Spells              Type           Power        Failure   Level  Hunger
a - Animate Skeleton      Necr           N/A          58%         1    ##.....

Your spell library contained the following spells:

 Spells                   Type           Power        Failure   Level  Hunger
 Apportation              Tloc           #.....       58%         1    ##.....
 Corona                   Hex            #......      58%         1    ##.....
 Summon Small Mammal      Summ           #...         58%         1    ##.....


Dungeon Overview and Level Annotations

Branches:
Dungeon (4/15)
 Temple: D:4-7

Altars:
Elyvilon
Nemelex Xobeh
Vehumet

Annotations:
D:2 Natasha


Innate Abilities, Weirdness & Mutations

You have a pair of small antennae on your head.
You have large cloven feet.
You regenerate health from kills.


Message History

The white imp barely misses you.
You closely miss Natasha.
Natasha is moderately wounded.
Natasha claws you!
* * * LOW HITPOINT WARNING * * *
The white imp gestures at you. The puff of frost hits you!
* * * LOW HITPOINT WARNING * * *
The white imp closely misses you. Natasha closely misses you.
The white imp gestures at you. The puff of frost hits you.
* * * LOW HITPOINT WARNING * * *
Unknown command.
As you read the scroll labeled VERUTO CEKU, it crumbles to dust.
You feel strangely unstable.
It was a scroll of teleportation.
The white imp hits you but does no damage.
Natasha claws you but does no damage. The white imp gestures at you.
The puff of frost hits you.
You die...

....##..###..(...............#.#
.........##..#.###.##.#.######.#
.#.....<........#.....#.# #.#
.#.#......#........#..#.# #.##
.#.#.####.#..#...#....#.# ###...
##.#.####..#+###.#...##.# #....#
...................>.##.# #.#..#
#....##.......##5#......####.#...
#....##.......##@h...........####
#....######'####.#......######
####.# #.####5#......# #.#
#[.##..>....#'### #.#
##.##...........### #<#
#..#.............# ###
##.#.............#
#.##'#####......#
######'##'###........#


You could see Natasha and 2 white imps.

Vanquished Creatures
  A crimson imp (D:3)
  Natasha (twice) (D:2)
  An orc wizard (D:3)
  2 adders
  An ooze (D:1)
  3 dart slugs
  6 leopard geckos
  4 orcs
  2 ball pythons (D:1)
  A giant cockroach (D:3)
  7 goblins
  4 hobgoblins
  4 jackals (D:1)
  2 kobolds
  A quokka (D:3)
  10 bats
  5 frilled lizards
  A rat (D:1)
57 creatures vanquished.

Notes
Turn   | Place    | Note
-------+----------+-------------------------------------------
     0 | D:1      | Aggronaut the Demonspawn Monk began the quest for the Orb.
     0 | D:1      | Reached XP level 1. HP: 18/18 MP: 1/1
   108 | D:1      | Reached skill level 3 in Long Blades
   157 | D:1      | Gained mutation: You regenerate a little health from kills.
                  | [demonic ancestry]
   157 | D:1      | Reached XP level 2. HP: 23/24 MP: 2/2
   412 | D:1      | Gained mutation: You have a pair of small antennae on your
                  | head. [demonic ancestry]
   412 | D:1      | Reached XP level 3. HP: 23/29 MP: 3/3
   938 | D:2      | Noticed Natasha
   961 | D:2      | Killed Natasha
   961 | D:2      | Reached skill level 4 in Long Blades
   961 | D:2      | Gained mutation: You regenerate health from kills. [demonic
                  | ancestry]
   961 | D:2      | Reached XP level 4. HP: 28/35 MP: 4/4
  1108 | D:2      | Noticed Natasha
  1117 | D:2      | Killed Natasha
  1346 | D:3      | Gained mutation: You have large cloven feet. [demonic
                  | ancestry]
  1346 | D:3      | Reached XP level 5. HP: 36/41 MP: 5/5
  1462 | D:3      | Learned a level 1 spell: Animate Skeleton
  1748 | D:3      | Found a sparkling altar of Nemelex Xobeh.
  1836 | D:3      | Found a white marble altar of Elyvilon.
  2057 | D:4      | Noticed an orc warrior
  2233 | D:4      | Found a radiant altar of Vehumet.
  2252 | D:4      | Noticed a phantom
  2719 | D:2      | Noticed Natasha
  2729 | D:2      | HP: 1/41 [Natasha (5)]
  2738 | D:2      | HP: 2/41 [white imp/puff of frost[Natasha] (9)]
  2739 | D:2      | Killed from afar by a white imp

Levels and vault maps discovered:
D:1:      matt_arrival_refuge, layout_loops_ring,
          hangedman_abyss_or_decor_lesser_grid, minmay_tromino_i4
D:2:      layout_basic, uniq_natasha
D:3:      layout_loops_cross, nicolae_overflow_hidden_temple,
          roderic_serpentine_path, elyvilon_altar_1
D:4:      layout_basic, vehumet_crystals, lemuel_coloured_pillars_altar,
          first_ration, uniq_duvessa

Skill      XL: |  1  2  3 |
---------------+----------+-----
Long Blades    | 3 4 |  4.9
Dodging        | 3 |  3.9
Fighting       | |  3.0
Stealth        | |  1.7

Action                   |  1- 3 |  4- 6 || total
-------------------------+-------+-------++-------
Melee: Falchion          |    86 |   109 ||   195
       Kick              |       |    19 ||    19
  Use: Scroll            |     2 |     5 ||     7
       Potion            |       |     2 ||     2
 Stab: Sleeping          |     5 |     1 ||     6
  Eat: Chunk             |       |     5 ||     5
Armor: Robe              |    16 |       ||    16
       Ring mail         |     9 |    35 ||    44
Dodge: Dodged            |    77 |    76 ||   153
       Rpst.: Falchion   |    17 |    21 ||    38

Table legend:
 A = Non-vault XP
 B = Vault XP
 C = Vault XP percentage of total XP
 D = Non-vault monster count
 E = Vault monster count
 F = Vault count percentage of total count
                 A         B        C        D         E       F
            +---------+---------+-------+---------+---------+-------
      Total |     251 |      39 |  13.4 |      54 |       3 |   5.3
            +---------+---------+-------+---------+---------+-------
        D:1 |      47 |       3 |   6.0 |      23 |       2 |   8.0
        D:2 |      67 |      36 |  35.0 |      10 |       1 |   9.1
        D:3 |     112 |       0 |   0.0 |      16 |       0 |   0.0
        D:4 |      25 |       0 |   0.0 |       5 |       0 |   0.0
            +---------+---------+-------+---------+---------+-------
